 Dungeon Crawl Stone Soup version bcrawl-1.21.2-28-g2cb1824106 (webtiles) character file.

Game seed: 374865974011023945

1 MisterOstroum the Changer (level 1, 0/16 HPs)
             Began as a Formicid Wanderer on Mar 11, 2020.
             Slain by a leopard gecko (5 damage)
             ... on level 1 of the Dungeon.
             The game lasted 00:00:22 (10 turns).

MisterOstroum the Changer (Formicid Wanderer)         Turns: 10, Time: 00:00:23

Health: 0/16       AC:  2    Str: 15    XL:     1   Next: 22%
Magic:  1/1        EV: 11    Int: 11    God:
Gold:   0          SH:  0    Dex: 11    Spells: 0/0 levels left

rFire    . . .     SeeInvis +   a - +2 dagger
rCold    . . .     Gourm    .   (no shield)
rNeg     . . .     Faith    .   f - +0 robe
rPois    .         Spirit   .   (helmet unavailable)
rElec    .         Reflect  .   (no cloak)
rCorr    .         Harm     .   (no gloves)
MR       .....                  (no boots)
Stlth    ++........             (no amulet)
HPRegen  0.05/turn              (no ring)
MPRegen  0.07/turn              (no ring)

@: no status effects
A: permanent stasis, dig shafts and tunnels, four strong arms, antennae 3
a: Dig, Shaft Self


You were on level 1 of the Dungeon.
You were not hungry.

You visited 1 branch of the dungeon, and saw 1 of its levels.

Inventory:

Hand Weapons
 a - a +2 dagger (weapon)
 c - a +0 hand crossbow
 g - a +0 hand axe
Missiles
 d - 113 bolts
Armour
 f - a +0 robe (worn)
Scrolls
 b - a scroll of fear {!r}
Comestibles
 e - a ration {!d}


   Skills:
 - Level 2.1 Fighting
 - Level 1.0 Axes
 - Level 1.0 Throwing
 - Level 2.1 Armour
 + Level 1.7 Stealth
   Level 1.2 Hexes
   Level 2.1 Transmutations


You couldn't memorise any spells.
You didn't know any spells.
Your spell library was empty.

Dungeon Overview and Level Annotations

Branches:
Dungeon (1/12)

Altars:


Innate Abilities, Weirdness & Mutations

You cannot be hasted, slowed, berserked, paralysed or teleported.
You can dig through walls and to a lower floor.
Your four strong arms can wield two-handed weapons with a shield.
You have a pair of large antennae on your head. (SInv)


Message History

e - a ration;
g - a +0 hand axe Welcome, MisterOstroum the Formicid Wanderer.
Will you be the one to retrieve the awesome Orb of Zot from the depths?
Press ? for a list of commands and other information.
Found a staircase leading out of the dungeon.
You begin with the following items: a +2 dagger, a scroll of fear {!r}, a +0 hand crossbow, 113 bolts, a ration {!d}, a +0 robe, a +0 hand axe.
Wield which item (- for none, * to show all)? (? for menu, Esc to quit)
Okay, then.
Unknown command.
You sense a monster nearby.
You open the door.
A goblin comes into view.
A goblin is nearby!
A kobold comes into view.
The kobold shouts!
The goblin shouts!
The kobold moves out of view.
There is an open door here.
The goblin hits you.
Found 2 yellow potions.
You hit the goblin.
The goblin is severely wounded.
The goblin closely misses you.
You closely miss the goblin.
The goblin is severely wounded.
The goblin hits you.
You closely miss the goblin.
The goblin is severely wounded.
A leopard gecko comes into view.
The kobold hits you. The goblin hits you.
You are too injured to fight recklessly!
You are too injured to fight recklessly!
You are too injured to fight recklessly!
You are too injured to fight recklessly!
You are too injured to fight recklessly!
You are too injured to fight recklessly!
You are too injured to fight recklessly!
You are too injured to fight recklessly!
You are too injured to fight recklessly!
You are too injured to fight recklessly!
You are too injured to fight recklessly!
You are too injured to fight recklessly!
You are too injured to fight recklessly!
You are too injured to fight recklessly!
You are too injured to fight recklessly!
You are too injured to fight recklessly!
You are too injured to fight recklessly!
You are too injured to fight recklessly!
You are too injured to fight recklessly!
You are too injured to fight recklessly!
You are too injured to fight recklessly!
You are too injured to fight recklessly!
You are too injured to fight recklessly!
You are too injured to fight recklessly!
You are too injured to fight recklessly!
You are too injured to fight recklessly!
You are too injured to fight recklessly!
You are too injured to fight recklessly!
You are too injured to fight recklessly!
You barely miss the kobold. The kobold hits you. The goblin closely misses you.
The leopard gecko hisses angrily.
You hit the kobold.
You kill the kobold!
The goblin hits you but does no damage.
You see here a kobold corpse.
The leopard gecko bites you.
You die...

.........#
........#
.......#
......#
###.....#
##.##....#
#...#g.#
+.<.'†.#
#...#@.#
##.##l.......
###....###(#
.....#
......#
..!....#
#########


You could see a leopard gecko and a goblin.

Vanquished Creatures
  A kobold (D:1)
1 creature vanquished.

Notes
Turn   | Place    | Note
-------+----------+-------------------------------------------
     0 | D:1      | MisterOstroum the Formicid Wanderer began the quest for the
                  | Orb.
     0 | D:1      | MisterOstroum set off with the following items: a +2
                  | dagger, a scroll of fear {!r}, a +0 hand crossbow, 113
                  | bolts, a ration {!d}, a +0 robe, a +0 hand axe
     0 | D:1      | Reached XP level 1. HP: 16/16 MP: 1/1
    10 | D:1      | Slain by a leopard gecko

Action                   || total
-------------------------++-------
Melee: Dagger            ||     5
Armor: Robe              ||     1
Dodge: Dodged            ||     2
